 Dungeon Crawl Stone Soup version 0.31.0-11-ge490571c62 (webtiles) character file.

Game seed: 284041710144836725

2527 qw the Nimble (level 9, -7/45 HPs)
             Began as a Spriggan Hunter on Feb 4, 2024.
             Mangled by Grum
             ... wielding a +0 glaive of protection
              (29 damage)
             ... on level 8 of the Dungeon.
             The game lasted 00:01:17 (6743 turns).

qw the Nimble (Spriggan Hunter)                     Turns: 6743, Time: 00:01:17

Health: -7/45      AC:  2    Str:  7    XL:     9   Next: 29%
Magic:  10/10      EV: 26    Int: 10    God:
Gold:   240        SH:  0    Dex: 23    Spells: 8/8 levels left

rFire   . . .        m - +0 orcbow
rCold   + . .        (shield currently unavailable)
rNeg    . . .        c - +0 robe
rPois   .            (helmet restricted)
rElec   .            (no cloak)
rCorr   .            (gloves unavailable)
SInv    +            (boots unavailable)
Will    +....        (no amulet)
Stlth   ++           e - +4 ring of slaying {mikee}
HPRegen 0.27/turn    n - ring of protection from cold
MPRegen 0.12/turn

%: no passive effects
@: very quick
A: very small, no large weapons, unfitting armour, see invisible, speed 3
a: no special abilities


You were on level 8 of the Dungeon.
You visited 2 branches of the dungeon, and saw 9 of its levels.

You collected 410 gold pieces.
You spent 170 gold pieces at shops.


Innate Abilities, Weirdness & Mutations

You are very small and have problems with some larger weapons.
You are too small for most types of armour.
You have supernaturally acute eyesight. (SInv)
You cover ground extremely quickly. (Speed+++)


   Skills:
 - Level 4.2 Fighting
 - Level 10.0 Ranged Weapons
 + Level 10.0 Dodging
 - Level 1.5 Stealth


You had 8 spell levels left.
You didn't know any spells.
Your spell library was empty.

Inventory:

Hand Weapons
 m - a +0 orcbow (weapon)
Armour
 c - a +0 robe (worn)
 d - a +0 robe of positive energy
 p - the +0 robe of the Parsimonious Robin {rC+ Regen+}
   (You found it on level 8 of the Dungeon)

   rC+:       It protects you from cold.
   Regen+:    It increases your rate of health regeneration.
Jewellery
 e - a +4 ring of slaying (left hand) {mikee}
 n - a ring of protection from cold (right hand)
Wands
 a - a wand of light (9)
 j - a wand of roots (10)
 k - a wand of paralysis (19)
 o - a wand of flame (21)
Scrolls
 g - 2 scrolls of enchant armour
Potions
 b - 3 potions of resistance
 f - 5 potions of curing
 h - 3 potions of enlightenment
 l - a potion of might

Dungeon Overview and Level Annotations

Branches:
Dungeon (8/15)             Temple (1/1) D:6
   Lair: D:8-11

Altars:
Ashenzari
Dithmenos
Elyvilon
Fedhas
Gozag
Kikubaaqudgha
Qazlal
Sif Muna
Trog
Vehumet
Wu Jian
Xom
Yredelemnul
Zin
The Shining One

Shops:
D:2 [   D:5 (?   D:6 :

Annotations:
D:1 1 runed translucent door
D:8 Grum


Message History

The wolf is almost dead.
The wolf completely misses you. x2; The wolf closely misses you. x2
You shoot an arrow. The arrow hits the wolf!
You kill the wolf!
The wolf completely misses you. Grum barely misses you.
You shoot an arrow. The arrow closely misses the wolf.
The arrow hits the wolf!
The wolf is severely wounded.
The wolf barely misses you.
Grum hits you from afar with a +0 glaive of protection!!
Ouch! That really hurt!
The wolf completely misses you.
You shoot an arrow. The arrow hits the wolf!
You kill the wolf!
The wolf completely misses you.
Grum grunts.
Grum hits you from afar with a +0 glaive of protection!!
The wolf misses you.
Your Fighting skill increases to level 4!
6738 ||| DRINKING potion of heal wounds.
You feel much better. The wolf misses you. Grum completely misses you.
You shoot an arrow. The arrow barely misses the wolf.
The wolf bites you! The wolf closely misses you. Grum misses you.
You shoot an arrow. The arrow hits the wolf!
The wolf is severely wounded.
The wolf misses you.
Grum shouts, "Spot!
Good boy!"
Grum closely misses you. The wolf completely misses you.
You shoot an arrow. The arrow barely misses the wolf.
The wolf misses you. Grum misses you. The wolf barely misses you.
You shoot an arrow. The arrow closely misses the wolf.
The wolf completely misses you.
Grum points his finger and shouts, "Fluffy!
Sic 'em!"
Grum misses you.
You shoot an arrow. The arrow hits the wolf.
The wolf is almost dead.
The wolf completely misses you. x2
Grum hits you from afar with a +0 glaive of protection!!
Ouch! That really hurt!
You die...

#....# #....# .
#....# .. #....# ..^
#....# .... #....#
..... #....#g.....
#...@%......
#...h#...... #....#
..... #### #....#
.... #...
#....######### #...
#.....#......# #..)
#.....#......# #...
#.....#.....######...
#.....#.....#....%#'#


You could see Grum and a wolf.

Vanquished Creatures
  An ice beast (D:6)
  A black bear (D:7)
  An orc warrior (D:6)
  2 wolves (D:8)
  4 ogres
  A centaur (D:8)
  2 phantoms (D:5)
  2 kobold brigands (D:7)
  2 scorpions (D:6)
  3 wights (D:8)
  9 killer bees (D:8)
  A howler monkey (D:8)
  2 jellies
  5 hounds
  A gnoll bouda (D:8)
  A sleepcap (D:7)
  Ijyb (D:3)
  An iguana (D:5)
  7 orc wizards
  4 gnolls (D:8)
  4 adders
  A shadow imp (D:7)
  A white imp (D:8)
  A ribbon worm (D:2)
  23 orcs
  2 endoplasms
  2 giant cockroaches
  9 goblins
  4 hobgoblins (D:1)
  4 jackals (D:2)
  5 quokkas
  7 ball pythons
  5 bats
  4 frilled lizards
  14 kobolds
  5 rats
142 creatures vanquished.

Notes
Turn   | Place    | Note
-------+----------+-------------------------------------------
     0 | D:1      | qw the Spriggan Hunter began the quest for the Orb.
     0 | D:1      | Reached XP level 1. HP: 10/10 MP: 2/2
     0 | D:1      | 0 ||| qw: Version: 0.3-a-160-g6735b56
     0 | D:1      | 0 ||| qw: Game counter: 5784
     0 | D:1      | 0 ||| qw: Melee chars always use a shield: true
     0 | D:1      | 0 ||| qw: God list: Okawaru
     0 | D:1      | 0 ||| qw: Allow faded altars: false
     0 | D:1      | 0 ||| qw: Do Orc after clearing Dungeon:15 true
     0 | D:1      | 0 ||| qw: Do second Lair branch before Depths: true
     0 | D:1      | 0 ||| qw: Lair rune preference: random
     0 | D:1      | 0 ||| qw: Goals: Normal
     0 | D:1      | 0 ||| PLANNING D:1-11
     1 | D:1      | Found a runed translucent door.
    39 | D:1      | Found a faded altar of an unknown god.
    81 | D:1      | Reached skill level 3 in Dodging
   270 | D:1      | Reached XP level 2. HP: 14/14 MP: 3/3
   650 | D:1      | 650 ||| READING scroll labelled UGROBL NUOGHOL.
   681 | D:1      | 681 ||| READING 2 scrolls labelled VEVEVA QO POH.
   681 | D:1      | 681 ||| IDENTIFYING scroll labelled BIMANE COHUDWIAW
   682 | D:1      | 682 ||| READING scroll of identify.
   682 | D:1      | 682 ||| IDENTIFYING scroll labelled IBELUI KEIKH
   683 | D:1      | 683 ||| READING scroll of brand weapon.
   683 | D:1      | 683 ||| BRANDING +0 shortbow.
   684 | D:1      | 684 ||| DROPPING scroll of butterflies.
   685 | D:1      | 685 ||| DROPPING scroll of immolation.
   740 | D:2      | Reached XP level 3. HP: 7/18 MP: 4/4
   743 | D:2      | HP: 4/18 [poisoned by an adder]
  1151 | D:2      | Found Ylaenomn's Armour Shop.
  1159 | D:2      | 1159 ||| SHOPLISTING +0 robe "Lenixtun" {Slay+3} (243 gold,
                  | have 96).
  1553 | D:2      | 1553 ||| UPGRADING to +4 ring of slaying {mikee}.
  1554 | D:2      | 1554 ||| DROPPING ring of magical power.
  1555 | D:2      | 1555 ||| READING scroll of identify.
  1555 | D:2      | 1555 ||| IDENTIFYING murky purple potion
  1556 | D:2      | 1556 ||| READING scroll labelled MIOPHO TOKKOGG.
  1557 | D:2      | 1557 ||| DROPPING potion of lignification.
  1892 | D:3      | Noticed Ijyb
  1896 | D:3      | Killed Ijyb
  1897 | D:3      | Reached XP level 4. HP: 22/22 MP: 5/5
  2111 | D:3      | 2111 ||| READING scroll of identify.
  2111 | D:3      | 2111 ||| IDENTIFYING murky golden potion
  2112 | D:3      | 2112 ||| READING scroll labelled QIFFUPPOTEMO.
  2213 | D:3      | 2213 ||| DRINKING 3 fizzy brown potions.
  2214 | D:3      | 2214 ||| DROPPING potion of brilliance.
  2228 | D:4      | Found Inig's Weapon Shoppe.
  2490 | D:4      | Identified the +6 morningstar of the Chain {protect, +Blink
                  | Will- Dex+6}
  2671 | D:4      | Noticed an ogre
  2675 | D:4      | Killed an ogre
  2676 | D:4      | Reached XP level 5. HP: 26/26 MP: 6/6
  2731 | D:4      | Found a shadowy altar of Dithmenos.
  2797 | D:4      | Reached skill level 6 in Ranged Weapons
  2935 | D:4      | 2935 ||| DROPPING ring of wizardry.
  2954 | D:5      | Entered Level 5 of the Dungeon
  2963 | D:5      | Reached XP level 6. HP: 30/30 MP: 7/7
  3027 | D:5      | Found Paxzuusk's Weapon Boutique.
  3031 | D:5      | 3031 ||| SHOPLISTING +7 orcbow "Ytuno" {freeze, *Slow Str+4
                  | Int+4} (833 gold, have 203).
  3078 | D:5      | Found Ipidol's Magic Scroll Shoppe.
  3085 | D:5      | 3085 ||| SHOPLISTING scroll of acquirement (572 gold, have
                  | 225).
  3085 | D:5      | 3085 ||| BUYING scroll of enchant armour (82 gold).
  3085 | D:5      | Bought a scroll of enchant armour for 82 gold pieces
  3085 | D:5      | 3085 ||| BUYING scroll of identify (22 gold).
  3085 | D:5      | Bought a scroll of identify for 22 gold pieces
  3085 | D:5      | 3085 ||| BUYING scroll of identify (22 gold).
  3085 | D:5      | Bought a scroll of identify for 22 gold pieces
  3085 | D:5      | 3085 ||| BUYING scroll of identify (22 gold).
  3085 | D:5      | Bought a scroll of identify for 22 gold pieces
  3085 | D:5      | 3085 ||| BUYING scroll of identify (22 gold).
  3085 | D:5      | Bought a scroll of identify for 22 gold pieces
  3117 | D:5      | Found a shimmering altar of Xom.
  3151 | D:5      | Reached skill level 6 in Dodging
  3215 | D:5      | 3215 ||| FLEEEEING.
  3216 | D:5      | 3216 ||| STAIRDANCE
  3226 | D:4      | 3226 ||| READING 6 scrolls of identify.
  3226 | D:4      | 3226 ||| IDENTIFYING silvery potion
  3227 | D:4      | 3227 ||| READING 5 scrolls of identify.
  3227 | D:4      | 3227 ||| IDENTIFYING smoky silvery potion
  3228 | D:4      | 3228 ||| READING 4 scrolls of identify.
  3228 | D:4      | 3228 ||| IDENTIFYING fuming pink potion
  3229 | D:4      | 3229 ||| READING 3 scrolls of identify.
  3229 | D:4      | 3229 ||| IDENTIFYING scroll labelled CYATAN EDDO
  3230 | D:4      | 3230 ||| DROPPING scroll of noise.
  3231 | D:4      | 3231 ||| DROPPING potion of ambrosia.
  3250 | D:5      | Reached XP level 7. HP: 35/35 MP: 8/8
  3663 | D:5      | 3663 ||| READING 3 scrolls of identify.
  3663 | D:5      | 3663 ||| IDENTIFYING fuming inky potion
  3664 | D:5      | 3664 ||| READING 2 scrolls of identify.
  3664 | D:5      | 3664 ||| IDENTIFYING grey potion
  3665 | D:5      | 3665 ||| DROPPING potion of attraction.
  3949 | D:6      | Found a staircase to the Ecumenical Temple.
  3950 | D:6      | 3950 ||| PLANNING TEMPLE
  3950 | D:6      | 3950 ||| READING scroll of identify.
  3950 | D:6      | 3950 ||| IDENTIFYING emerald potion
  3959 | Temple   | Entered the Ecumenical Temple
  3960 | Temple   | 3960 ||| PLANNING D:1-11
  4121 | D:6      | Found Obrecyfo's Book Emporium.
  4153 | D:6      | Reached XP level 8. HP: 39/39 MP: 9/9
  4161 | D:6      | 4161 ||| SWAPPING to +0 orcbow.
  4162 | D:6      | 4162 ||| DROPPING +0 shortbow of draining.
  4755 | D:6      | 4755 ||| UPGRADING to ring of protection from cold.
  4756 | D:6      | 4756 ||| READING scroll of identify.
  4756 | D:6      | 4756 ||| IDENTIFYING amethyst potion
  4757 | D:6      | 4757 ||| READING scroll labelled IJAEZX ATE POU.
  4758 | D:6      | 4758 ||| READING scroll labelled XORROHIYQO.
  4759 | D:6      | 4759 ||| DROPPING potion of invisibility.
  4761 | D:6      | 4761 ||| Stepping ~*~*~tactically~*~*~ (cloud).
  4916 | D:7      | Reached skill level 3 in Fighting
  5152 | D:7      | Found a flagged portal.
  5354 | D:7      | Found a glowing silver altar of Zin.
  5374 | D:7      | Reached skill level 9 in Ranged Weapons
  5443 | D:7      | Found an opulent altar of Gozag.
  5711 | D:7      | 5711 ||| FLEEEEING.
  5712 | D:7      | 5712 ||| FLEEEEING.
  5713 | D:7      | 5713 ||| FLEEEEING.
  5714 | D:7      | 5714 ||| FLEEEEING.
  5715 | D:7      | 5715 ||| FLEEEEING.
  5716 | D:7      | 5716 ||| FLEEEEING.
  5717 | D:7      | 5717 ||| FLEEEEING.
  5718 | D:7      | 5718 ||| FLEEEEING.
  5720 | D:7      | 5720 ||| FLEEEEING.
  5721 | D:7      | 5721 ||| FLEEEEING.
  5722 | D:7      | 5722 ||| FLEEEEING.
  5724 | D:7      | 5724 ||| FLEEEEING.
  5726 | D:7      | 5726 ||| FLEEEEING.
  5727 | D:7      | 5727 ||| FLEEEEING.
  5731 | D:7      | 5731 ||| FLEEEEING.
  5732 | D:7      | 5732 ||| FLEEEEING.
  5733 | D:7      | 5733 ||| FLEEEEING.
  5734 | D:7      | 5734 ||| FLEEEEING.
  5735 | D:7      | 5735 ||| FLEEEEING.
  5736 | D:7      | 5736 ||| FLEEEEING.
  5737 | D:7      | 5737 ||| FLEEEEING.
  5738 | D:7      | 5738 ||| FLEEEEING.
  5739 | D:7      | 5739 ||| FLEEEEING.
  5806 | D:7      | Found a blossoming altar of Fedhas.
  5937 | D:7      | 5937 ||| DROPPING +6 ring of intelligence.
  5938 | D:7      | 5938 ||| READING scroll of identify.
  5938 | D:7      | 5938 ||| IDENTIFYING scroll labelled GONEXI LATARIZ
  5939 | D:7      | 5939 ||| DROPPING scroll of summoning.
  6056 | D:8      | 6056 ||| FLEEEEING.
  6057 | D:8      | 6057 ||| FLEEEEING.
  6058 | D:8      | 6058 ||| FLEEEEING.
  6059 | D:8      | 6059 ||| FLEEEEING.
  6060 | D:8      | 6060 ||| FLEEEEING.
  6061 | D:8      | 6061 ||| FLEEEEING.
  6063 | D:8      | 6063 ||| FLEEEEING.
  6064 | D:8      | 6064 ||| FLEEEEING.
  6065 | D:8      | 6065 ||| FLEEEEING.
  6066 | D:8      | 6066 ||| FLEEEEING.
  6068 | D:8      | 6068 ||| FLEEEEING.
  6069 | D:8      | 6069 ||| FLEEEEING.
  6070 | D:8      | 6070 ||| STAIRDANCE
  6119 | D:8      | Reached skill level 9 in Dodging
  6429 | D:8      | 6429 ||| RETREEEEATING.
  6431 | D:8      | 6431 ||| RETREEEEATING.
  6432 | D:8      | 6432 ||| RETREEEEATING.
  6433 | D:8      | 6433 ||| RETREEEEATING.
  6434 | D:8      | 6434 ||| RETREEEEATING.
  6435 | D:8      | 6435 ||| RETREEEEATING.
  6436 | D:8      | 6436 ||| RETREEEEATING.
  6441 | D:8      | Reached XP level 9. HP: 44/44 MP: 10/10
  6466 | D:8      | HP: 9/40 [wight/+0 mace (6)]
  6467 | D:8      | 6467 ||| DRINKING 2 potions of heal wounds.
  6512 | D:8      | 6512 ||| FLEEEEING.
  6540 | D:8      | 6540 ||| FLEEEEING.
  6541 | D:8      | 6541 ||| FLEEEEING.
  6547 | D:8      | 6547 ||| FLEEEEING.
  6548 | D:8      | 6548 ||| FLEEEEING.
  6549 | D:8      | 6549 ||| FLEEEEING.
  6550 | D:8      | 6550 ||| FLEEEEING.
  6551 | D:8      | 6551 ||| FLEEEEING.
  6552 | D:8      | 6552 ||| FLEEEEING.
  6553 | D:8      | 6553 ||| FLEEEEING.
  6554 | D:8      | 6554 ||| FLEEEEING.
  6624 | D:8      | Identified the +0 robe of the Parsimonious Robin {rC+
                  | Regen+}
  6731 | D:8      | Noticed Grum
  6737 | D:8      | HP: 2/45 [Grum/+0 glaive of protection (18)]
  6738 | D:8      | 6738 ||| DRINKING potion of heal wounds.
  6743 | D:8      | Mangled by Grum

Levels and vault maps discovered:
D:1:      dpeg_arrival_caged_fury, layout_loops_ring,
          ebering_ecumenical_altar_rust
D:2:      layout_basic, serial_shops, shop, nicolae_titane
D:3:      layout_loops_cross, uniq_ijyb
D:4:      layout_cave_pods, lemuel_coloured_pillars_altar, serial_shops,
          nicolae_shop_stone
D:5:      layout_loops_ring, general_overflow_altar, serial_shops, shop,
          nicolae_shop_trees, amcnicky_mini_pool_medium
D:6:      layout_loops_corners, lemuel_temple_firewalk_b, serial_shops,
          nicolae_shop_stone
D:7:      layout_loops_corners, grunt_temple_overflow_gold_and_silver,
          mainiacjoe_overflow_catwalk, enter_bailey_5
D:8:      layout_gridville, uniq_grum
Temple:   chequers_temple_sunken

Skill      XL: |  1  2  3  4  5  6  7  8  9 |
---------------+----------------------------+-----
Dodging        | 3 4 5 6 8 9 10 | 10.0
Ranged Weapons | 5 6 7 8 9 10 | 10.0
Fighting       | 2 3 4 |  4.2
Stealth        | |  1.5

Action                     |  1- 3 |  4- 6 |  7- 9 || total
---------------------------+-------+-------+-------++-------
   Fire: Shortbow          |    96 |    55 |    57 ||   208
         Orcbow            |       |       |   175 ||   175
    Use: Scroll            |     6 |     6 |     7 ||    19
         Potion            |       |     1 |     2 ||     3
 Armour: Robe              |    12 |     3 |    27 ||    42
  Dodge: Dodged            |    11 |     4 |   146 ||   161

Table legend:
 A = Non-vault XP
 B = Vault XP
 C = Vault XP percentage of total XP
 D = Non-vault monster count
 E = Vault monster count
 F = Vault count percentage of total count
                 A         B        C        D         E       F
            +---------+---------+-------+---------+---------+-------
      Total |    3269 |     342 |   9.5 |     131 |      11 |   7.7
            +---------+---------+-------+---------+---------+-------
        D:1 |      35 |       0 |   0.0 |      23 |       0 |   0.0
        D:2 |      54 |       0 |   0.0 |      16 |       0 |   0.0
        D:3 |       8 |      36 |  81.8 |       5 |       1 |  16.7
        D:4 |     223 |       0 |   0.0 |      12 |       0 |   0.0
        D:5 |     578 |      62 |   9.7 |      12 |       4 |  25.0
        D:6 |     621 |       0 |   0.0 |       9 |       0 |   0.0
        D:7 |     564 |       8 |   1.4 |      28 |       4 |  12.5
        D:8 |    1186 |     236 |  16.6 |      26 |       2 |   7.1
            +---------+---------+-------+---------+---------+-------
